 Dungeon Crawl Stone Soup version 0.26.1-11-gd32895ea62 (webtiles) character file.

Game seed: 3006726815885534408

196 Zeld the Chopper (level 5, -8/47 HPs)
             Began as a Hill Orc Monk on June 7, 2021.
             Mangled by an iguana (11 damage)
             ... on level 5 of the Dungeon.
             The game lasted 00:07:12 (7921 turns).

Zeld the Chopper (Hill Orc Monk)                    Turns: 7921, Time: 00:07:13

Health: -8/47      AC:  4    Str: 15    XL:     5   Next: 75%
Magic:  5/5        EV:  8    Int: 10    God:
Gold:   82         SH: 10    Dex: 13    Spells: 4/4 levels left

rFire    . . .     SeeInvis .   a - +0 hand axe
rCold    . . .     Faith    .   A - +0 tower shield
rNeg     . . .     Spirit   .   b - +0 robe
rPois    .         Reflect  .   (no helmet)
rElec    .         Harm     .   x - +0 cloak
rCorr    .         Rampage  .   (no gloves)
Will     .....                  r - +0 pair of boots
Stlth    ++........             (no amulet)
HPRegen  0.15/turn              (no ring)
MPRegen  0.09/turn              (no ring)

@: no status effects
A: no striking features
a: no special abilities


You were on level 5 of the Dungeon.
You visited 2 branches of the dungeon, and saw 6 of its levels.

You collected 199 gold pieces.
You spent 117 gold pieces at shops.

Inventory:

Hand Weapons
 a - a +0 hand axe (weapon)
Missiles
 d - 61 poisoned darts (quivered)
 e - 15 boomerangs
Armour
 b - a +0 robe (worn)
 r - a +0 pair of boots (worn)
 x - a +0 cloak (worn)
 A - a +0 tower shield (worn)
Jewellery
 y - an uncursed amulet of the acrobat {unknown}
Wands
 u - a wand of digging (5)
 C - a wand of polymorph (7)
Scrolls
 g - 4 scrolls of identify {unknown}
 k - a scroll of enchant armour {unknown}
 l - a scroll of remove curse {unknown}
 m - a scroll of amnesia {unknown}
 o - 3 scrolls of teleportation {unknown}
 q - 2 scrolls of magic mapping {unknown}
 s - a scroll of immolation {unknown}
 w - a scroll of blinking {unknown}
 z - a scroll of fog {unknown}
Potions
 c - a potion of experience {unknown}
 f - a potion of might {unknown}
 h - 2 potions of heal wounds {unknown}
 i - 2 potions of lignification {unknown}
 j - a potion of magic {unknown}
 n - 2 potions of attraction {unknown}
 p - a potion of cancellation {unknown}
 t - a potion of mutation {unknown}
 v - 2 potions of invisibility {unknown}
 B - a potion of ambrosia {unknown}


   Skills:
 + Level 4.8 Fighting
 * Level 6.5 Axes
 + Level 3.3 Dodging
 - Level 1.5 Stealth


You had 4 spell levels left.
You didn't know any spells.
Your spell library was empty.

Dungeon Overview and Level Annotations

Branches:
Dungeon (5/15)             Temple (1/1) D:4

Altars:
Ashenzari
Cheibriados
Dithmenos
Elyvilon
Fedhas
Gozag
Hepliaklqana
Kikubaaqudgha
Makhleb
Nemelex Xobeh
Okawaru
Qazlal
Ru
Trog
Vehumet
Wu Jian
Xom
Yredelemnul
Zin

Shops:
D:5 }

Annotations:
D:3 Zeld's ghost, amateur HOMo
D:4 Natasha


Message History

You are too injured to fight recklessly!
You hit the iguana but do no damage.
The iguana is heavily wounded.
The iguana bites you. x2
* * * LOW HITPOINT WARNING * * *
You closely miss the iguana.
The iguana is heavily wounded.
The iguana completely misses you.
You hit the iguana.
The iguana is heavily wounded.
The iguana closely misses you.
Okay, then.
You hit the iguana.
The iguana is almost dead.
The iguana bites you!
* * * LOW HITPOINT WARNING * * *
You closely miss the iguana.
The iguana is almost dead.
The iguana bites you!
You die...

######### ........#
........#########.
..>...............
..l(....(l@.......
###.....#...#######
#.....##.∩.......
#################


You could see an iguana.

Vanquished Creatures
  An orc wizard (D:4)
  Natasha (D:4)
  8 adders
  An ooze (D:4)
  A worm (D:4)
  2 dart slugs (D:1)
  4 leopard geckos
  7 orcs
  5 bats
  3 giant cockroaches
  3 goblins (D:1)
  2 hobgoblins
  4 jackals (D:3)
  2 kobolds
  2 quokkas
  2 ball pythons (D:3)
  A frilled lizard (D:3)
  5 rats
54 creatures vanquished.

Notes
Turn   | Place    | Note
-------+----------+-------------------------------------------
     0 | D:1      | Zeld the Hill Orc Monk began the quest for the Orb.
     0 | D:1      | Reached XP level 1. HP: 19/19 MP: 1/1
   134 | D:1      | Reached XP level 2. HP: 27/27 MP: 2/2
   985 | D:2      | Found a sparkling altar of Nemelex Xobeh.
  1410 | D:2      | Reached XP level 3. HP: 22/33 MP: 3/3
  1842 | D:3      | Reached skill level 5 in Axes
  1884 | D:3      | Reached XP level 4. HP: 25/40 MP: 4/4
  1884 | D:3      | Found a sacrificial altar of Ru.
  2791 | D:3      | Found a burning altar of Makhleb.
  2792 | D:3      | Found an opulent altar of Gozag.
  3177 | D:3      | Found a runed translucent gate.
  3181 | D:3      | Found a runed translucent gate.
  3181 | D:3      | Found a runed translucent gate.
  3181 | D:3      | Noticed Zeld's ghost (amateur HOMo)
  4784 | D:3      | Found a burning altar of Makhleb.
  4786 | D:3      | Found an opulent altar of Gozag.
  5438 | D:3      | Found a sacrificial altar of Ru.
  5903 | D:4      | Reached skill level 6 in Axes
  5903 | D:4      | Reached XP level 5. HP: 47/47 MP: 5/5
  6270 | D:4      | Found a hazy altar of Hepliaklqana.
  6278 | D:4      | Found a staircase to the Ecumenical Temple.
  6348 | Temple   | Entered the Ecumenical Temple
  6748 | D:4      | Noticed Natasha
  7033 | D:4      | Killed Natasha
  7356 | D:4      | Found a hazy altar of Hepliaklqana.
  7366 | D:4      | Found a staircase to the Ecumenical Temple.
  7572 | D:4      | Noticed Natasha
  7614 | D:5      | Entered Level 5 of the Dungeon
  7614 | D:5      | Found Pedwa's Gadget Shoppe.
  7907 | D:5      | Bought a wand of polymorph (7) for 117 gold pieces
  7921 | D:5      | Mangled by an iguana

Illustrated notes

Levels and vault maps discovered:
D:1:      lightli_arrival_windingriver, layout_basic, minivault_25,
          minmay_misc_feat_cross, minmay_close_crescents
D:2:      layout_loops_ring, nemelex_xobeh_ov_fountains_minmay
D:3:      layout_rooms, hangedman_ru_absence, gammafunk_temple_overflow_pools,
          gammafunk_ghost_split
D:4:      layout_basic, nzn_hepliaklqana_mist_gate, temple_statues, uniq_natasha
D:5:      kennysheep_windowed_halls, layout_rooms, lemuel_doored_altar,
          serial_shops, shop, minmay_holes, minivault_27,
          chequers_serial_rivers_large_b, minmay_increasing_density
Temple:   nicolae_temple_great_sept

Skill      XL: |  1  2  3  4 |
---------------+-------------+-----
Fighting       | 4 |  4.8
Axes           | 5 6 |  6.5
Dodging        | 3 |  3.3
Stealth        | |  1.5

Action                   |  1- 3 |  4- 6 || total
-------------------------+-------+-------++-------
Melee: Hand axe          |    91 |   252 ||   343
Throw: Boomerang         |       |     1 ||     1
       Dart              |       |    14 ||    14
  Use: Potion            |       |     2 ||     2
 Stab: Sleeping          |     1 |     1 ||     2
Armor: Robe              |    12 |    51 ||    63
Dodge: Dodged            |    64 |   133 ||   197
Block: Tower shield      |       |    53 ||    53
